[ PARTIDA AOE2 · #480177118 ]
UnrankedItalianos vs Persians
[ ANÁLISIS DE REPETICIÓN · EXTRAÍDO DE LA PARTIDA GRABADA ]
Feudal
12:41
Castillos
23:03
Imperial
—
| APM promedio | 26.0 |
| APM pico | 63 |
| eAPM promedio | 17.2 |
| Aldeanos / militares | 81 / 33 |
Foco
⚔️ 20.7% · 🌾 79.3%
Genoese Crossbowman ×14 · Militia ×6 · Battering Ram ×4 · Archer ×3 · Petard ×3 · Mangonel ×2
Feudal
10:32
Castillos
14:02
Imperial
29:01
| APM promedio | 30.5 |
| APM pico | 56 |
| eAPM promedio | 19.2 |
| Aldeanos / militares | 172 / 28 |
Foco
⚔️ 10.2% · 🌾 89.8%
Elephant Archer ×20 · Bombard Cannon ×6 · Monk ×1 · Trebuchet (Packed) ×1
Feudal
12:04
Castillos
23:36
Imperial
—
| APM promedio | 39.1 |
| APM pico | 57 |
| eAPM promedio | 23.5 |
| Aldeanos / militares | 98 / 26 |
Foco
⚔️ 25.9% · 🌾 74.1%
Archer ×14 · Militia ×5 · Skirmisher ×4 · Mangonel ×2 · Monk ×1
Feudal
11:47
Castillos
—
Imperial
—
| APM promedio | 15.0 |
| APM pico | 31 |
| eAPM promedio | 9.5 |
| Aldeanos / militares | 48 / 24 |
Foco
⚔️ 18.6% · 🌾 81.4%
Skirmisher ×14 · Militia ×8 · Trade Cart ×6 · Scout Cavalry ×2
Feudal
11:49
Castillos
23:14
Imperial
—
| APM promedio | 18.2 |
| APM pico | 43 |
| eAPM promedio | 11.4 |
| Aldeanos / militares | 71 / 42 |
Foco
⚔️ 15.5% · 🌾 84.5%
Genoese Crossbowman ×38 · Monk ×4
Feudal
17:00
Castillos
22:18
Imperial
—
| APM promedio | 10.7 |
| APM pico | 46 |
| eAPM promedio | 5.8 |
| Aldeanos / militares | 44 / 9 |
Foco
⚔️ 15.6% · 🌾 84.4%
Knight ×9
Feudal
11:40
Castillos
16:05
Imperial
30:04
| APM promedio | 28.7 |
| APM pico | 64 |
| eAPM promedio | 21.7 |
| Aldeanos / militares | 136 / 10 |
Foco
⚔️ 9.5% · 🌾 90.5%
Janissary ×6 · Bombard Cannon ×3 · Monk ×1
Feudal
—
Castillos
—
Imperial
—
| APM promedio | 9.5 |
| APM pico | 24 |
| eAPM promedio | 7.8 |
| Aldeanos / militares | 82 / 0 |
Foco
⚔️ 6.6% · 🌾 93.4%
Trade Cart ×2
Mapa de la partida
Recursos iniciales + cada clic de construcción. Líneas = muros · curvas = relieve. ◆ oro · ⬟ piedra · ● bayas · ✦ reliquia · ◌ hueco del cierre
Inputs por minuto
— 大腿火热 - - 宫廷玉液酒
Build order — 大腿火热
Primeras 150 de 204 acciones detectadas
| 0:07 | Crear | Villager (Male) |
| 0:08 | Construir | House |
| 0:10 | Construir | House |
| 0:20 | Investigar | Loom |
| 0:21 | Crear | Villager (Male) |
| 0:21 | Crear | Villager (Male) |
| 0:21 | Crear | Villager (Male) |
| 2:03 | Crear | Villager (Male) |
| 2:44 | Crear | Villager (Male) |
| 3:13 | Crear | Villager (Male) |
| 3:22 | Construir | Palisade Wall |
| 3:28 | Construir | Palisade Wall |
| 3:43 | Crear | Villager (Male) |
| 3:43 | Crear | Villager (Male) |
| 4:18 | Crear | Villager (Male) |
| 4:45 | Crear | Villager (Male) |
| 4:46 | Crear | Villager (Male) |
| 5:04 | Construir | House |
| 5:06 | Crear | Villager (Male) |
| 5:19 | Crear | Villager (Male) |
| 5:19 | Crear | Villager (Male) |
| 5:27 | Construir | House |
| 5:39 | Construir | House |
| 5:46 | Crear | Villager (Male) |
| 6:01 | Construir | House |
| 6:12 | Construir | Lumber Camp |
| 6:30 | Crear | Villager (Male) |
| 6:30 | Crear | Villager (Male) |
| 6:56 | Crear | Villager (Male) |
| 6:57 | Construir | House |
| 7:03 | Construir | House |
| 7:24 | Crear | Villager (Male) |
| 7:24 | Crear | Villager (Male) |
| 7:32 | Crear | Villager (Male) |
| 8:04 | Construir | Palisade Wall |
| 8:13 | Crear | Villager (Male) |
| 8:23 | Crear | Villager (Male) |
| 8:52 | Construir | Mill |
| 9:21 | Crear | Villager (Male) |
| 9:38 | Construir | Mining Camp |
| 9:52 | Crear | Villager (Male) |
| 10:31 | Investigar | Feudal Age |
| 10:31 | Investigar | Feudal Age |
| 10:56 | Construir | Mining Camp |
| 11:52 | Construir | Barracks |
| 12:35 | Crear | Militia |
| 12:35 | Crear | Militia |
| 12:35 | Crear | Militia |
| 12:38 | Crear | Villager (Male) |
| 12:41 | Edad | Edad Feudal |
| 12:48 | Crear | Villager (Male) |
| 12:54 | Investigar | Man-at-Arms (upgrade) |
| 13:01 | Crear | Villager (Male) |
| 13:05 | Construir | House |
| 13:07 | Construir | House |
| 13:12 | Investigar | Double-Bit Axe |
| 13:24 | Crear | Militia |
| 13:36 | Crear | Villager (Male) |
| 14:03 | Construir | Archery Range |
| 14:07 | Crear | Villager (Male) |
| 14:10 | Crear | Militia |
| 14:25 | Construir | House |
| 14:27 | Construir | House |
| 14:33 | Crear | Villager (Male) |
| 14:50 | Crear | Militia |
| 15:01 | Crear | Archer |
| 15:01 | Crear | Archer |
| 15:19 | Crear | Villager (Male) |
| 15:20 | Crear | Villager (Male) |
| 15:22 | Construir | Farm |
| 15:23 | Construir | Farm |
| 15:37 | Crear | Archer |
| 15:51 | Construir | House |
| 15:52 | Construir | House |
| 16:39 | Crear | Villager (Male) |
| 16:39 | Crear | Villager (Male) |
| 16:40 | Crear | Villager (Male) |
| 16:47 | Construir | Market |
| 17:11 | Construir | Farm |
| 17:12 | Construir | Farm |
| 17:14 | Construir | Farm |
| 17:15 | Construir | Farm |
| 17:16 | Construir | Farm |
| 17:17 | Construir | Farm |
| 17:19 | Crear | Villager (Male) |
| 17:23 | Construir | House |
| 17:24 | Construir | House |
| 17:32 | Construir | Mining Camp |
| 17:53 | Construir | Farm |
| 17:56 | Construir | Farm |
| 18:11 | Construir | Farm |
| 18:14 | Construir | Blacksmith |
| 18:17 | Crear | Villager (Male) |
| 18:33 | Crear | Villager (Male) |
| 19:01 | Construir | House |
| 19:02 | Construir | House |
| 19:13 | Construir | Farm |
| 19:14 | Construir | Farm |
| 19:15 | Construir | Farm |
| 19:16 | Construir | Farm |
| 19:24 | Construir | Farm |
| 19:25 | Crear | Villager (Male) |
| 19:33 | Crear | Villager (Male) |
| 20:23 | Investigar | Castle Age |
| 20:35 | Investigar | Stone Mining |
| 20:52 | Investigar | Horse Collar |
| 21:41 | Investigar | Gold Mining |
| 22:42 | Crear | Villager (Male) |
| 23:03 | Edad | Edad de los Castillos |
| 23:07 | Construir | Castle |
| 23:11 | Construir | Siege Workshop |
| 23:13 | Crear | Villager (Male) |
| 23:32 | Crear | Villager (Male) |
| 23:43 | Construir | Town Center |
| 23:48 | Investigar | Bow Saw |
| 23:51 | Crear | Mangonel |
| 23:52 | Crear | Mangonel |
| 23:54 | Crear | Villager (Male) |
| 24:06 | Investigar | Fletching |
| 24:06 | Investigar | Padded Archer Armor |
| 24:23 | Crear | Villager (Male) |
| 24:33 | Crear | Genoese Crossbowman |
| 24:33 | Crear | Genoese Crossbowman |
| 24:46 | Crear | Genoese Crossbowman |
| 24:46 | Crear | Genoese Crossbowman |
| 25:05 | Crear | Genoese Crossbowman |
| 25:05 | Crear | Genoese Crossbowman |
| 25:07 | Crear | Villager (Male) |
| 25:08 | Crear | Villager (Male) |
| 25:22 | Crear | Scorpion |
| 25:23 | Crear | Villager (Male) |
| 25:39 | Crear | Genoese Crossbowman |
| 26:02 | Crear | Genoese Crossbowman |
| 26:11 | Construir | Mining Camp |
| 26:14 | Crear | Genoese Crossbowman |
| 26:14 | Crear | Genoese Crossbowman |
| 26:20 | Crear | Genoese Crossbowman |
| 26:24 | Crear | Villager (Male) |
| 26:25 | Crear | Villager (Male) |
| 26:31 | Crear | Villager (Male) |
| 26:33 | Crear | Villager (Male) |
| 26:35 | Construir | Farm |
| 26:37 | Crear | Villager (Male) |
| 26:52 | Crear | Genoese Crossbowman |
| 27:04 | Crear | Petard |
| 27:08 | Crear | Genoese Crossbowman |
| 27:10 | Crear | Villager (Male) |
| 27:13 | Construir | Farm |
| 27:17 | Construir | Lumber Camp |
| 27:22 | Crear | Villager (Male) |
Build order — 宫廷玉液酒
Primeras 150 de 347 acciones detectadas
| 0:02 | Crear | Villager (Male) |
| 0:02 | Crear | Villager (Male) |
| 0:02 | Crear | Villager (Male) |
| 0:03 | Crear | Villager (Male) |
| 0:04 | Construir | House |
| 0:05 | Construir | House |
| 1:28 | Crear | Villager (Male) |
| 1:29 | Crear | Villager (Male) |
| 1:58 | Crear | Villager (Male) |
| 1:58 | Crear | Villager (Male) |
| 2:11 | Construir | Lumber Camp |
| 2:14 | Crear | Villager (Male) |
| 2:14 | Crear | Villager (Male) |
| 2:46 | Crear | Villager (Male) |
| 2:56 | Construir | House |
| 3:12 | Crear | Villager (Male) |
| 3:13 | Crear | Villager (Male) |
| 3:53 | Crear | Villager (Male) |
| 3:58 | Crear | Villager (Male) |
| 4:10 | Crear | Villager (Male) |
| 4:10 | Crear | Villager (Male) |
| 4:45 | Construir | House |
| 4:48 | Crear | Villager (Male) |
| 4:57 | Construir | Mill |
| 5:16 | Crear | Villager (Male) |
| 5:46 | Crear | Villager (Male) |
| 6:10 | Construir | House |
| 6:13 | Crear | Villager (Male) |
| 6:20 | Crear | Villager (Male) |
| 6:42 | Crear | Villager (Male) |
| 7:13 | Crear | Villager (Male) |
| 8:15 | Investigar | Feudal Age |
| 9:54 | Crear | Villager (Male) |
| 9:54 | Crear | Villager (Male) |
| 10:32 | Edad | Edad Feudal |
| 10:35 | Construir | Blacksmith |
| 10:38 | Construir | Market |
| 11:22 | Investigar | Castle Age |
| 11:30 | Construir | Farm |
| 11:31 | Construir | Farm |
| 11:34 | Construir | Farm |
| 11:36 | Investigar | Double-Bit Axe |
| 11:49 | Construir | House |
| 11:53 | Construir | House |
| 12:42 | Investigar | Horse Collar |
| 12:46 | Construir | House |
| 13:12 | Crear | Villager (Male) |
| 13:13 | Crear | Villager (Male) |
| 13:13 | Crear | Villager (Male) |
| 14:02 | Edad | Edad de los Castillos |
| 14:06 | Construir | Town Center |
| 14:09 | Construir | Town Center |
| 14:25 | Construir | Farm |
| 14:25 | Construir | Farm |
| 14:29 | Construir | Farm |
| 14:37 | Crear | Villager (Male) |
| 14:56 | Construir | Farm |
| 15:24 | Construir | Farm |
| 15:26 | Crear | Villager (Male) |
| 15:27 | Crear | Villager (Male) |
| 15:27 | Crear | Villager (Male) |
| 15:27 | Crear | Villager (Male) |
| 15:37 | Crear | Villager (Male) |
| 15:56 | Investigar | Bow Saw |
| 15:59 | Crear | Villager (Male) |
| 16:01 | Crear | Villager (Male) |
| 16:03 | Crear | Villager (Male) |
| 16:11 | Construir | Farm |
| 16:15 | Crear | Villager (Male) |
| 16:17 | Construir | Farm |
| 16:24 | Construir | Farm |
| 16:29 | Crear | Villager (Male) |
| 16:31 | Crear | Villager (Male) |
| 16:37 | Construir | Farm |
| 16:45 | Crear | Villager (Male) |
| 16:55 | Crear | Villager (Male) |
| 16:56 | Crear | Villager (Male) |
| 17:14 | Crear | Villager (Male) |
| 17:22 | Construir | Town Center |
| 17:26 | Construir | Farm |
| 17:28 | Crear | Villager (Male) |
| 17:35 | Construir | Farm |
| 17:38 | Construir | Farm |
| 17:41 | Construir | Farm |
| 17:42 | Crear | Villager (Male) |
| 17:45 | Crear | Villager (Male) |
| 17:45 | Crear | Villager (Male) |
| 17:54 | Construir | House |
| 17:55 | Construir | House |
| 17:56 | Construir | House |
| 18:06 | Crear | Villager (Male) |
| 18:10 | Crear | Villager (Male) |
| 18:16 | Construir | Farm |
| 18:17 | Construir | Farm |
| 18:20 | Crear | Villager (Male) |
| 18:37 | Crear | Villager (Male) |
| 18:37 | Crear | Villager (Male) |
| 18:46 | Construir | Town Center |
| 18:51 | Crear | Villager (Male) |
| 18:58 | Construir | Farm |
| 19:01 | Construir | Farm |
| 19:02 | Crear | Villager (Male) |
| 19:02 | Crear | Villager (Male) |
| 19:07 | Construir | Farm |
| 19:08 | Construir | Farm |
| 19:13 | Crear | Villager (Male) |
| 19:16 | Construir | House |
| 19:17 | Construir | House |
| 19:21 | Crear | Villager (Male) |
| 19:29 | Crear | Villager (Male) |
| 19:43 | Crear | Villager (Male) |
| 19:45 | Crear | Villager (Male) |
| 19:45 | Crear | Villager (Male) |
| 19:48 | Construir | Farm |
| 19:57 | Crear | Villager (Male) |
| 19:58 | Crear | Villager (Male) |
| 19:58 | Crear | Villager (Male) |
| 20:13 | Construir | Town Center |
| 20:15 | Crear | Villager (Male) |
| 20:16 | Crear | Villager (Male) |
| 20:16 | Crear | Villager (Male) |
| 20:20 | Construir | Farm |
| 20:21 | Construir | Farm |
| 20:23 | Construir | Farm |
| 20:24 | Construir | Farm |
| 20:27 | Crear | Villager (Male) |
| 20:27 | Crear | Villager (Male) |
| 20:32 | Crear | Villager (Male) |
| 20:39 | Crear | Villager (Male) |
| 20:45 | Crear | Villager (Male) |
| 20:50 | Construir | Farm |
| 20:51 | Construir | Farm |
| 20:54 | Construir | House |
| 20:54 | Construir | House |
| 20:59 | Crear | Villager (Male) |
| 21:00 | Crear | Villager (Male) |
| 21:11 | Crear | Villager (Male) |
| 21:11 | Crear | Villager (Male) |
| 21:15 | Crear | Villager (Male) |
| 21:19 | Construir | Farm |
| 21:22 | Construir | Monastery |
| 21:23 | Crear | Villager (Male) |
| 21:24 | Construir | Farm |
| 21:25 | Construir | Farm |
| 21:26 | Construir | Farm |
| 21:29 | Construir | Farm |
| 21:29 | Crear | Villager (Male) |
| 21:32 | Crear | Villager (Male) |
| 21:37 | Crear | Villager (Male) |
| 21:40 | Crear | Villager (Male) |
Build order — Mr.金大班
Primeras 150 de 218 acciones detectadas
| 0:04 | Construir | House |
| 0:06 | Construir | House |
| 0:07 | Crear | Villager (Male) |
| 0:13 | Crear | Villager (Male) |
| 0:14 | Crear | Villager (Male) |
| 0:14 | Crear | Villager (Male) |
| 0:25 | Investigar | Loom |
| 0:26 | Investigar | Loom |
| 0:31 | Crear | Villager (Male) |
| 0:31 | Crear | Villager (Male) |
| 0:31 | Crear | Villager (Male) |
| 1:52 | Crear | Villager (Male) |
| 1:52 | Crear | Villager (Male) |
| 2:25 | Crear | Villager (Male) |
| 2:25 | Crear | Villager (Male) |
| 2:36 | Crear | Villager (Male) |
| 3:08 | Crear | Villager (Male) |
| 3:08 | Crear | Villager (Male) |
| 3:13 | Construir | Lumber Camp |
| 3:22 | Crear | Villager (Male) |
| 3:22 | Crear | Villager (Male) |
| 3:59 | Crear | Villager (Male) |
| 3:59 | Crear | Villager (Male) |
| 4:13 | Crear | Villager (Male) |
| 4:13 | Crear | Villager (Male) |
| 4:22 | Construir | House |
| 4:25 | Construir | Palisade Wall |
| 4:26 | Construir | Building 800 |
| 4:57 | Construir | House |
| 5:02 | Crear | Villager (Male) |
| 5:03 | Crear | Villager (Male) |
| 5:31 | Crear | Villager (Male) |
| 6:04 | Construir | Building 800 |
| 6:09 | Crear | Villager (Male) |
| 6:27 | Crear | Villager (Male) |
| 6:27 | Crear | Villager (Male) |
| 6:44 | Crear | Villager (Male) |
| 6:46 | Construir | Mill |
| 7:18 | Crear | Villager (Male) |
| 7:19 | Crear | Villager (Male) |
| 7:19 | Crear | Villager (Male) |
| 7:45 | Construir | Lumber Camp |
| 8:02 | Crear | Villager (Male) |
| 8:02 | Crear | Villager (Male) |
| 8:02 | Crear | Villager (Male) |
| 8:20 | Crear | Villager (Male) |
| 8:20 | Crear | Villager (Male) |
| 8:54 | Crear | Villager (Male) |
| 8:54 | Crear | Villager (Male) |
| 9:54 | Investigar | Feudal Age |
| 10:21 | Construir | Barracks |
| 10:37 | Construir | Mining Camp |
| 11:01 | Construir | House |
| 11:05 | Crear | Militia |
| 11:06 | Crear | Militia |
| 11:06 | Crear | Militia |
| 11:33 | Crear | Militia |
| 12:04 | Edad | Edad Feudal |
| 12:07 | Investigar | Man-at-Arms (upgrade) |
| 12:18 | Construir | Farm |
| 12:19 | Construir | Farm |
| 12:21 | Construir | Farm |
| 12:30 | Investigar | Arson |
| 12:48 | Construir | House |
| 12:49 | Construir | House |
| 13:03 | Investigar | Double-Bit Axe |
| 13:04 | Investigar | Horse Collar |
| 13:54 | Crear | Militia |
| 14:06 | Construir | Farm |
| 14:07 | Construir | Farm |
| 14:15 | Construir | Archery Range |
| 14:19 | Crear | Villager (Male) |
| 14:19 | Crear | Villager (Male) |
| 14:31 | Construir | Blacksmith |
| 14:51 | Crear | Villager (Male) |
| 15:17 | Crear | Villager (Male) |
| 15:22 | Crear | Archer |
| 15:22 | Crear | Archer |
| 15:22 | Crear | Archer |
| 15:33 | Construir | House |
| 15:35 | Construir | House |
| 15:41 | Investigar | Fletching |
| 15:41 | Investigar | Fletching |
| 15:45 | Crear | Villager (Male) |
| 16:18 | Construir | House |
| 16:52 | Construir | Archery Range |
| 17:08 | Investigar | Padded Archer Armor |
| 17:11 | Construir | Farm |
| 17:12 | Construir | Farm |
| 17:14 | Construir | Farm |
| 17:59 | Construir | Market |
| 18:01 | Crear | Villager (Male) |
| 18:01 | Crear | Villager (Male) |
| 18:02 | Crear | Villager (Male) |
| 18:02 | Crear | Villager (Male) |
| 18:03 | Crear | Villager (Male) |
| 18:03 | Crear | Villager (Male) |
| 18:04 | Crear | Villager (Male) |
| 18:04 | Crear | Villager (Male) |
| 18:14 | Investigar | Town Watch |
| 18:25 | Crear | Archer |
| 18:25 | Crear | Villager (Male) |
| 18:27 | Crear | Villager (Male) |
| 18:27 | Crear | Villager (Male) |
| 18:28 | Crear | Villager (Male) |
| 18:28 | Crear | Villager (Male) |
| 18:35 | Crear | Archer ×5 |
| 18:38 | Construir | House |
| 18:39 | Construir | House |
| 19:19 | Construir | Farm |
| 19:19 | Construir | Farm |
| 19:20 | Construir | Farm |
| 19:20 | Construir | Farm |
| 19:36 | Construir | House |
| 19:48 | Construir | Farm |
| 20:12 | Construir | Farm |
| 20:33 | Crear | Skirmisher |
| 20:33 | Crear | Skirmisher |
| 20:35 | Crear | Skirmisher |
| 20:36 | Crear | Skirmisher |
| 20:50 | Investigar | Castle Age |
| 23:00 | Crear | Villager (Male) |
| 23:00 | Crear | Villager (Male) |
| 23:01 | Crear | Villager (Male) |
| 23:02 | Crear | Villager (Male) |
| 23:02 | Crear | Villager (Male) |
| 23:36 | Edad | Edad de los Castillos |
| 23:38 | Construir | Siege Workshop |
| 23:45 | Construir | Town Center |
| 23:52 | Construir | Town Center |
| 23:56 | Investigar | Bow Saw |
| 24:07 | Crear | Mangonel |
| 24:51 | Crear | Villager (Male) |
| 25:22 | Investigar | Crossbowman (upgrade) |
| 25:29 | Investigar | Bodkin Arrow |
| 25:41 | Crear | Archer ×5 |
| 25:46 | Crear | Mangonel |
| 25:49 | Crear | Villager (Male) |
| 25:50 | Crear | Villager (Male) |
| 25:52 | Crear | Villager (Male) |
| 25:52 | Crear | Villager (Male) |
| 26:24 | Investigar | Wheelbarrow |
| 26:26 | Crear | Villager (Male) |
| 26:26 | Crear | Villager (Male) |
| 26:46 | Crear | Villager (Male) |
| 26:47 | Crear | Villager (Male) |
| 26:48 | Crear | Villager (Male) |
| 26:54 | Construir | University |
| 26:57 | Crear | Villager (Male) |
| 26:57 | Crear | Villager (Male) |
Build order — 海盗遇到山贼
147 acciones detectadas en el replay
| 0:03 | Crear | Villager (Male) |
| 0:04 | Crear | Villager (Male) |
| 0:04 | Crear | Villager (Male) |
| 0:07 | Construir | House |
| 0:17 | Construir | Lumber Camp |
| 0:24 | Crear | Villager (Male) |
| 0:24 | Crear | Villager (Male) |
| 0:24 | Crear | Villager (Male) |
| 0:51 | Investigar | Loom |
| 2:15 | Crear | Villager (Male) |
| 2:16 | Crear | Villager (Male) |
| 2:24 | Construir | House |
| 3:07 | Construir | House |
| 5:00 | Crear | Villager (Male) |
| 5:00 | Crear | Villager (Male) |
| 5:00 | Crear | Villager (Male) |
| 5:14 | Construir | House |
| 5:22 | Construir | Mill |
| 5:30 | Crear | Villager (Male) |
| 5:30 | Crear | Villager (Male) |
| 5:48 | Crear | Villager (Male) |
| 5:48 | Crear | Villager (Male) |
| 6:48 | Construir | House |
| 6:50 | Construir | House |
| 6:52 | Construir | House |
| 7:15 | Crear | Villager (Male) |
| 7:16 | Crear | Villager (Male) |
| 7:34 | Construir | Mill |
| 9:01 | Construir | Barracks |
| 9:06 | Crear | Villager (Male) |
| 9:43 | Investigar | Feudal Age |
| 9:45 | Crear | Villager (Male) |
| 10:12 | Construir | Lumber Camp |
| 11:24 | Construir | House |
| 11:47 | Edad | Edad Feudal |
| 11:54 | Investigar | Wheelbarrow |
| 11:57 | Investigar | Double-Bit Axe |
| 12:00 | Investigar | Horse Collar |
| 12:00 | Investigar | Horse Collar |
| 12:19 | Construir | Stone Wall |
| 12:25 | Construir | Building 665 |
| 12:38 | Construir | Farm |
| 12:41 | Crear | Villager (Male) |
| 12:41 | Crear | Villager (Male) |
| 12:50 | Construir | Farm |
| 12:52 | Construir | Farm |
| 12:53 | Construir | Farm |
| 13:07 | Crear | Militia |
| 13:07 | Crear | Militia |
| 13:07 | Crear | Militia |
| 13:08 | Crear | Militia |
| 13:08 | Crear | Militia |
| 14:02 | Construir | Stone Wall |
| 14:16 | Construir | Building 665 |
| 14:27 | Crear | Villager (Male) |
| 14:27 | Crear | Villager (Male) |
| 14:27 | Crear | Villager (Male) |
| 14:27 | Crear | Villager (Male) |
| 14:56 | Construir | Archery Range |
| 15:07 | Construir | House |
| 15:16 | Construir | Farm |
| 15:37 | Construir | House |
| 15:53 | Crear | Skirmisher |
| 15:53 | Crear | Skirmisher |
| 15:53 | Crear | Skirmisher |
| 15:54 | Crear | Skirmisher |
| 16:02 | Construir | Mining Camp |
| 16:26 | Crear | Skirmisher |
| 16:26 | Crear | Skirmisher |
| 16:36 | Construir | Farm |
| 16:48 | Construir | House |
| 17:12 | Construir | Farm |
| 17:30 | Construir | Farm |
| 17:31 | Construir | Farm |
| 17:32 | Construir | Farm |
| 17:57 | Crear | Skirmisher |
| 17:57 | Crear | Skirmisher |
| 18:25 | Construir | Farm |
| 18:33 | Crear | Skirmisher |
| 18:33 | Crear | Skirmisher |
| 18:48 | Crear | Skirmisher |
| 18:48 | Crear | Skirmisher |
| 19:02 | Crear | Militia |
| 19:02 | Crear | Militia |
| 19:03 | Crear | Militia |
| 19:18 | Crear | Villager (Male) |
| 19:18 | Crear | Villager (Male) |
| 19:22 | Construir | Farm |
| 20:09 | Construir | House |
| 20:09 | Construir | House |
| 20:09 | Construir | House |
| 20:10 | Construir | House |
| 20:10 | Construir | House |
| 20:11 | Construir | House |
| 20:46 | Crear | Skirmisher |
| 20:46 | Crear | Skirmisher |
| 21:21 | Construir | Stable |
| 21:33 | Construir | Mining Camp |
| 21:42 | Construir | Market |
| 21:55 | Investigar | Man-at-Arms (upgrade) |
| 22:02 | Construir | Farm |
| 22:07 | Crear | Villager (Male) |
| 22:07 | Crear | Villager (Male) |
| 22:07 | Crear | Villager (Male) |
| 22:12 | Investigar | Gold Mining |
| 22:12 | Investigar | Gold Mining |
| 22:30 | Construir | Mining Camp |
| 22:51 | Crear | Villager (Male) |
| 22:51 | Crear | Villager (Male) |
| 23:16 | Construir | Blacksmith |
| 23:26 | Construir | Farm |
| 24:04 | Crear | Villager (Male) |
| 24:04 | Crear | Villager (Male) |
| 24:04 | Crear | Villager (Male) |
| 24:05 | Crear | Villager (Male) |
| 24:26 | Investigar | Stone Mining |
| 24:37 | Crear | Villager (Male) |
| 24:37 | Crear | Villager (Male) |
| 25:00 | Crear | Trade Cart |
| 25:01 | Crear | Trade Cart |
| 25:01 | Crear | Trade Cart |
| 25:01 | Crear | Trade Cart |
| 25:03 | Crear | Villager (Male) |
| 25:04 | Crear | Villager (Male) |
| 25:25 | Crear | Scout Cavalry |
| 25:25 | Crear | Scout Cavalry |
| 25:41 | Construir | Stone Wall |
| 27:07 | Crear | Villager (Male) |
| 27:07 | Crear | Villager (Male) |
| 27:07 | Crear | Villager (Male) |
| 27:17 | Construir | House |
| 27:17 | Construir | House |
| 27:17 | Construir | House |
| 27:17 | Construir | House |
| 27:18 | Construir | House |
| 27:39 | Construir | Stable |
| 27:55 | Construir | Lumber Camp |
| 28:29 | Construir | Mining Camp |
| 29:25 | Investigar | Castle Age |
| 29:25 | Investigar | Castle Age |
| 29:29 | Crear | Villager (Male) |
| 29:29 | Crear | Villager (Male) |
| 30:47 | Crear | Villager (Male) |
| 30:47 | Crear | Villager (Male) |
| 30:47 | Crear | Villager (Male) |
| 31:05 | Crear | Trade Cart |
| 31:05 | Crear | Trade Cart |
Build order — 东
Primeras 150 de 164 acciones detectadas
| 0:13 | Construir | House |
| 0:15 | Construir | House |
| 0:23 | Crear | Villager (Male) |
| 0:24 | Crear | Villager (Male) |
| 0:24 | Crear | Villager (Male) |
| 0:24 | Crear | Villager (Male) |
| 0:25 | Crear | Villager (Male) |
| 0:25 | Crear | Villager (Male) |
| 0:26 | Investigar | Loom |
| 1:00 | Construir | Mill |
| 1:12 | Construir | House |
| 2:26 | Crear | Villager (Male) |
| 2:26 | Crear | Villager (Male) |
| 2:26 | Crear | Villager (Male) |
| 3:24 | Crear | Villager (Male) |
| 3:24 | Crear | Villager (Male) |
| 3:24 | Crear | Villager (Male) |
| 3:38 | Crear | Villager (Male) |
| 3:38 | Crear | Villager (Male) |
| 4:14 | Crear | Villager (Male) |
| 4:14 | Crear | Villager (Male) |
| 4:14 | Crear | Villager (Male) |
| 4:14 | Crear | Villager (Male) |
| 4:53 | Crear | Villager (Male) |
| 4:53 | Crear | Villager (Male) |
| 4:53 | Crear | Villager (Male) |
| 5:23 | Crear | Villager (Male) |
| 5:24 | Crear | Villager (Male) |
| 6:44 | Crear | Villager (Male) |
| 6:45 | Crear | Villager (Male) |
| 6:48 | Crear | Villager (Male) |
| 6:50 | Crear | Villager (Male) |
| 6:57 | Crear | Villager (Male) |
| 6:57 | Crear | Villager (Male) |
| 6:57 | Crear | Villager (Male) |
| 6:58 | Crear | Villager (Male) |
| 7:18 | Construir | Lumber Camp |
| 8:38 | Construir | House |
| 9:29 | Investigar | Feudal Age |
| 9:29 | Investigar | Feudal Age |
| 10:14 | Construir | House |
| 11:49 | Edad | Edad Feudal |
| 11:51 | Investigar | Wheelbarrow |
| 11:51 | Investigar | Wheelbarrow |
| 11:57 | Investigar | Double-Bit Axe |
| 11:57 | Investigar | Double-Bit Axe |
| 12:10 | Crear | Villager (Male) |
| 12:10 | Crear | Villager (Male) |
| 12:10 | Crear | Villager (Male) |
| 12:11 | Crear | Villager (Male) |
| 12:11 | Crear | Villager (Male) |
| 12:29 | Construir | Mill |
| 13:37 | Crear | Villager (Male) |
| 13:37 | Crear | Villager (Male) |
| 13:37 | Crear | Villager (Male) |
| 14:05 | Construir | Mining Camp |
| 14:46 | Construir | Farm |
| 14:48 | Construir | Farm |
| 14:50 | Construir | Farm |
| 14:52 | Construir | Farm |
| 14:54 | Construir | Farm |
| 15:02 | Investigar | Horse Collar |
| 15:02 | Investigar | Horse Collar |
| 15:02 | Investigar | Horse Collar |
| 15:08 | Construir | Mining Camp |
| 15:12 | Crear | Villager (Male) |
| 15:12 | Crear | Villager (Male) |
| 15:12 | Crear | Villager (Male) |
| 15:21 | Investigar | Gold Mining |
| 15:21 | Investigar | Gold Mining |
| 15:39 | Construir | Farm |
| 15:52 | Investigar | Stone Mining |
| 15:52 | Investigar | Stone Mining |
| 16:01 | Construir | Farm |
| 16:03 | Construir | Farm |
| 16:14 | Construir | Farm |
| 16:20 | Construir | Farm |
| 16:36 | Construir | Farm |
| 16:55 | Construir | House |
| 17:06 | Construir | Farm |
| 17:37 | Investigar | Town Watch |
| 17:51 | Construir | Barracks |
| 17:59 | Construir | Mining Camp |
| 18:15 | Crear | Villager (Male) |
| 18:15 | Crear | Villager (Male) |
| 18:15 | Crear | Villager (Male) |
| 18:36 | Construir | House |
| 18:38 | Construir | House |
| 18:39 | Construir | House |
| 18:46 | Construir | Archery Range |
| 19:34 | Construir | Market |
| 19:44 | Crear | Villager (Male) |
| 19:45 | Crear | Villager (Male) |
| 19:45 | Crear | Villager (Male) |
| 20:22 | Construir | Blacksmith |
| 20:32 | Investigar | Castle Age |
| 21:10 | Investigar | Padded Archer Armor |
| 21:11 | Investigar | Fletching |
| 21:18 | Construir | Farm |
| 21:26 | Construir | Farm |
| 22:24 | Crear | Villager (Male) |
| 22:24 | Crear | Villager (Male) |
| 22:24 | Crear | Villager (Male) |
| 22:25 | Crear | Villager (Male) |
| 22:25 | Crear | Villager (Male) |
| 22:25 | Crear | Villager (Male) |
| 22:31 | Crear | Villager (Male) |
| 22:32 | Crear | Villager (Male) |
| 23:14 | Edad | Edad de los Castillos |
| 23:17 | Investigar | Leather Archer Armor |
| 23:17 | Investigar | Bodkin Arrow |
| 23:36 | Construir | Town Center |
| 23:47 | Construir | Monastery |
| 23:53 | Crear | Villager (Male) |
| 23:53 | Crear | Villager (Male) |
| 24:04 | Investigar | Bow Saw |
| 24:04 | Investigar | Bow Saw |
| 24:21 | Investigar | Heavy Plow |
| 24:21 | Investigar | Heavy Plow |
| 24:38 | Crear | Monk |
| 25:03 | Crear | Monk |
| 25:13 | Investigar | Hand Cart |
| 26:08 | Construir | Castle |
| 26:15 | Crear | Villager (Male) |
| 26:15 | Crear | Villager (Male) |
| 26:15 | Crear | Villager (Male) |
| 26:16 | Crear | Villager (Male) |
| 26:16 | Crear | Villager (Male) |
| 26:31 | Construir | University |
| 26:39 | Investigar | Stone Shaft Mining |
| 26:39 | Investigar | Stone Shaft Mining |
| 26:49 | Crear | Villager (Male) |
| 26:49 | Crear | Villager (Male) |
| 26:49 | Crear | Villager (Male) |
| 26:49 | Crear | Villager (Male) |
| 26:49 | Crear | Villager (Male) |
| 27:21 | Investigar | Town Patrol |
| 27:21 | Investigar | Town Patrol |
| 27:55 | Investigar | Murder Holes |
| 27:55 | Investigar | Murder Holes |
| 28:20 | Construir | Castle |
| 28:26 | Crear | Genoese Crossbowman |
| 28:27 | Crear | Genoese Crossbowman |
| 28:27 | Crear | Genoese Crossbowman |
| 28:27 | Crear | Genoese Crossbowman |
| 28:43 | Construir | Lumber Camp |
| 28:51 | Crear | Villager (Male) |
| 28:51 | Crear | Villager (Male) |
| 28:51 | Crear | Villager (Male) |
| 29:27 | Crear | Monk |
Build order — slonck
76 acciones detectadas en el replay
| 0:06 | Investigar | Loom |
| 0:07 | Crear | Villager (Male) ×4 |
| 0:07 | Crear | Villager (Male) ×4 |
| 0:52 | Construir | Palisade Wall |
| 3:29 | Crear | Villager (Male) ×3 |
| 4:14 | Construir | Palisade Wall |
| 6:13 | Crear | Villager (Male) ×5 |
| 6:51 | Crear | Villager (Male) |
| 6:52 | Crear | Villager (Male) |
| 6:52 | Crear | Villager (Male) |
| 8:32 | Construir | Lumber Camp |
| 9:25 | Crear | Villager (Male) |
| 9:25 | Crear | Villager (Male) |
| 9:26 | Crear | Villager (Male) |
| 9:26 | Crear | Villager (Male) |
| 9:26 | Crear | Villager (Male) |
| 9:27 | Crear | Villager (Male) |
| 10:19 | Construir | Mining Camp |
| 11:15 | Crear | Villager (Male) |
| 11:34 | Construir | Mining Camp |
| 11:47 | Construir | Mill |
| 12:34 | Construir | Mill |
| 14:27 | Construir | Palisade Wall |
| 14:50 | Investigar | Feudal Age |
| 15:23 | Construir | Barracks |
| 16:54 | Crear | Villager (Male) ×5 |
| 17:00 | Edad | Edad Feudal |
| 17:39 | Construir | Market |
| 17:47 | Construir | Blacksmith |
| 19:38 | Investigar | Castle Age |
| 19:48 | Construir | Stable |
| 19:49 | Construir | Stable |
| 20:25 | Construir | Farm |
| 20:26 | Construir | Farm |
| 20:27 | Construir | Farm |
| 20:30 | Construir | Farm |
| 20:31 | Construir | Farm |
| 20:31 | Construir | Farm |
| 20:32 | Construir | Farm |
| 20:32 | Construir | Farm |
| 20:32 | Construir | Farm |
| 20:33 | Construir | Farm |
| 20:33 | Construir | Farm |
| 20:34 | Construir | Farm |
| 21:22 | Construir | Mining Camp |
| 21:42 | Construir | Farm |
| 21:43 | Construir | Farm |
| 21:49 | Construir | Farm |
| 21:50 | Construir | Farm |
| 22:18 | Construir | Farm |
| 22:18 | Edad | Edad de los Castillos |
| 22:24 | Construir | Farm |
| 23:00 | Construir | Town Center |
| 23:17 | Crear | Villager (Male) ×3 |
| 24:02 | Crear | Villager (Male) ×2 |
| 24:13 | Construir | Mining Camp |
| 24:37 | Construir | Stone Wall |
| 25:04 | Crear | Knight ×3 |
| 25:05 | Crear | Knight ×3 |
| 25:28 | Crear | Knight |
| 25:44 | Crear | Knight |
| 27:40 | Construir | Stable |
| 27:40 | Construir | Stable |
| 27:42 | Construir | Stable |
| 28:08 | Crear | Villager (Male) ×5 |
| 28:12 | Construir | Farm |
| 28:13 | Construir | Farm |
| 28:16 | Construir | Farm |
| 28:18 | Construir | Farm |
| 28:20 | Construir | Farm |
| 28:21 | Construir | Farm |
| 28:23 | Crear | Villager (Male) ×3 |
| 28:47 | Crear | Knight |
| 29:44 | Construir | Archery Range |
| 29:44 | Construir | Archery Range |
| 29:45 | Construir | Archery Range |
Build order — Pumpi
Primeras 150 de 325 acciones detectadas
| 0:09 | Crear | Villager (Male) |
| 0:09 | Crear | Villager (Male) |
| 0:11 | Construir | House |
| 0:13 | Construir | House |
| 0:23 | Crear | Villager (Male) |
| 0:32 | Crear | Villager (Male) |
| 1:38 | Crear | Villager (Male) |
| 1:38 | Crear | Villager (Male) |
| 2:00 | Construir | Lumber Camp |
| 2:08 | Crear | Villager (Male) |
| 2:09 | Crear | Villager (Male) |
| 2:18 | Construir | House |
| 2:27 | Crear | Villager (Male) |
| 2:27 | Crear | Villager (Male) |
| 3:10 | Crear | Villager (Male) |
| 3:10 | Crear | Villager (Male) |
| 3:10 | Crear | Villager (Male) |
| 3:59 | Crear | Villager (Male) |
| 3:59 | Crear | Villager (Male) |
| 4:00 | Crear | Villager (Male) |
| 4:12 | Crear | Villager (Male) |
| 4:12 | Crear | Villager (Male) |
| 4:12 | Crear | Villager (Male) |
| 4:38 | Investigar | Loom |
| 4:48 | Crear | Villager (Male) |
| 4:48 | Crear | Villager (Male) |
| 5:28 | Crear | Villager (Male) |
| 5:36 | Crear | Villager (Male) |
| 5:36 | Crear | Villager (Male) |
| 6:23 | Construir | House |
| 6:24 | Construir | House |
| 6:29 | Crear | Villager (Male) |
| 7:00 | Crear | Villager (Male) |
| 7:12 | Construir | Mill |
| 7:21 | Crear | Villager (Male) |
| 7:44 | Crear | Villager (Male) |
| 7:50 | Construir | Mining Camp |
| 7:55 | Crear | Villager (Male) |
| 8:28 | Crear | Villager (Male) |
| 8:52 | Crear | Villager (Male) |
| 9:27 | Investigar | Feudal Age |
| 10:00 | Crear | Villager (Male) |
| 10:47 | Crear | Villager (Male) |
| 10:56 | Crear | Villager (Male) |
| 11:36 | Construir | Farm |
| 11:38 | Construir | Farm |
| 11:40 | Edad | Edad Feudal |
| 11:44 | Construir | Farm |
| 11:51 | Construir | Market |
| 11:58 | Construir | Blacksmith |
| 12:12 | Construir | Farm |
| 12:17 | Construir | Farm |
| 12:22 | Construir | Farm |
| 12:26 | Construir | Farm |
| 12:42 | Crear | Villager (Male) |
| 12:55 | Construir | Farm |
| 12:58 | Crear | Villager (Male) |
| 13:25 | Investigar | Castle Age |
| 13:44 | Construir | House |
| 13:45 | Construir | House |
| 13:58 | Investigar | Double-Bit Axe |
| 14:08 | Investigar | Horse Collar |
| 14:54 | Crear | Villager (Male) |
| 14:54 | Crear | Villager (Male) |
| 15:03 | Construir | House |
| 15:48 | Construir | House |
| 15:49 | Construir | House |
| 16:05 | Edad | Edad de los Castillos |
| 16:13 | Construir | Town Center |
| 16:24 | Construir | Town Center |
| 16:37 | Construir | Stone Wall |
| 16:49 | Construir | Stone Wall |
| 16:53 | Crear | Villager (Male) |
| 16:59 | Construir | Farm |
| 17:03 | Construir | Farm |
| 17:15 | Crear | Villager (Male) |
| 17:15 | Crear | Villager (Male) |
| 17:15 | Crear | Villager (Male) |
| 17:23 | Investigar | Bow Saw |
| 17:27 | Construir | House |
| 17:28 | Construir | House |
| 17:37 | Construir | Stone Wall |
| 17:39 | Crear | Villager (Male) |
| 17:39 | Crear | Villager (Male) |
| 17:47 | Crear | Villager (Male) |
| 17:47 | Crear | Villager (Male) |
| 17:48 | Crear | Villager (Male) |
| 17:49 | Crear | Villager (Male) |
| 18:00 | Construir | Farm |
| 18:05 | Construir | Farm |
| 18:12 | Construir | Farm |
| 18:16 | Construir | Farm |
| 18:23 | Crear | Villager (Male) |
| 18:23 | Crear | Villager (Male) |
| 18:24 | Crear | Villager (Male) |
| 18:24 | Crear | Villager (Male) |
| 18:27 | Construir | House |
| 18:40 | Investigar | Heavy Plow |
| 18:50 | Crear | Villager (Male) |
| 18:52 | Construir | Farm |
| 18:56 | Construir | Farm |
| 19:01 | Construir | House |
| 19:03 | Construir | House |
| 19:06 | Crear | Villager (Male) |
| 19:06 | Crear | Villager (Male) |
| 19:15 | Construir | Farm |
| 19:17 | Construir | Farm |
| 19:18 | Crear | Villager (Male) |
| 19:19 | Crear | Villager (Male) |
| 19:19 | Crear | Villager (Male) |
| 19:24 | Construir | Farm |
| 19:27 | Construir | Farm |
| 19:40 | Construir | Farm |
| 19:41 | Crear | Villager (Male) |
| 19:42 | Crear | Villager (Male) |
| 19:53 | Construir | House |
| 19:55 | Construir | House |
| 19:56 | Construir | House |
| 19:58 | Construir | Farm |
| 20:05 | Crear | Villager (Male) |
| 20:06 | Crear | Villager (Male) |
| 20:06 | Crear | Villager (Male) |
| 20:09 | Construir | Farm |
| 20:17 | Construir | Farm |
| 20:31 | Construir | Farm |
| 20:39 | Crear | Villager (Male) |
| 20:42 | Crear | Villager (Male) |
| 20:42 | Crear | Villager (Male) |
| 20:46 | Construir | House |
| 20:47 | Construir | House |
| 20:48 | Construir | House |
| 20:49 | Crear | Villager (Male) |
| 20:50 | Crear | Villager (Male) |
| 21:10 | Investigar | Wheelbarrow |
| 21:12 | Crear | Villager (Male) |
| 21:14 | Crear | Villager (Male) |
| 21:32 | Construir | House |
| 21:33 | Construir | House |
| 21:35 | Construir | House |
| 21:36 | Construir | House |
| 21:41 | Crear | Villager (Male) |
| 21:41 | Crear | Villager (Male) |
| 21:42 | Crear | Villager (Male) |
| 21:42 | Crear | Villager (Male) |
| 21:57 | Construir | Town Center |
| 22:04 | Construir | Farm |
| 22:08 | Construir | Farm |
| 22:11 | Construir | Farm |
| 22:16 | Construir | House |
| 22:18 | Construir | House |
Build order — AlirezaBarani72
Primeras 150 de 158 acciones detectadas
| 0:05 | Crear | Villager (Male) |
| 0:06 | Crear | Villager (Male) |
| 0:06 | Crear | Villager (Male) |
| 0:12 | Construir | House |
| 0:32 | Crear | Villager (Male) |
| 0:58 | Construir | House |
| 1:10 | Investigar | Loom |
| 1:49 | Crear | Villager (Male) |
| 2:42 | Crear | Villager (Male) |
| 3:04 | Crear | Villager (Male) |
| 3:33 | Construir | House |
| 3:43 | Crear | Villager (Male) |
| 3:51 | Crear | Villager (Male) |
| 4:25 | Crear | Villager (Male) |
| 4:26 | Crear | Villager (Male) |
| 4:54 | Crear | Villager (Male) |
| 4:54 | Crear | Villager (Male) |
| 4:54 | Crear | Villager (Male) |
| 5:10 | Crear | Villager (Male) |
| 5:14 | Construir | House |
| 5:28 | Crear | Villager (Male) |
| 5:28 | Crear | Villager (Male) |
| 5:46 | Crear | Villager (Male) |
| 5:47 | Crear | Villager (Male) |
| 5:53 | Construir | House |
| 6:09 | Crear | Villager (Male) |
| 6:10 | Crear | Villager (Male) |
| 6:32 | Crear | Villager (Male) |
| 7:16 | Crear | Villager (Male) |
| 7:31 | Construir | Lumber Camp |
| 7:50 | Crear | Villager (Male) |
| 7:51 | Crear | Villager (Male) |
| 8:22 | Crear | Villager (Male) |
| 8:22 | Crear | Villager (Male) |
| 8:25 | Crear | Villager (Male) |
| 8:26 | Crear | Villager (Male) |
| 8:31 | Construir | Mill |
| 9:00 | Crear | Villager (Male) |
| 9:18 | Construir | House |
| 10:36 | Construir | Palisade Wall |
| 10:47 | Investigar | Feudal Age |
| 11:19 | Crear | Villager (Male) |
| 11:19 | Crear | Villager (Male) |
| 11:19 | Crear | Villager (Male) |
| 11:20 | Crear | Villager (Male) |
| 11:36 | Construir | House |
| 12:03 | Crear | Villager (Male) |
| 12:04 | Crear | Villager (Male) |
| 12:04 | Crear | Villager (Male) |
| 12:04 | Crear | Villager (Male) |
| 12:12 | Construir | Farm |
| 12:54 | Crear | Villager (Male) |
| 12:54 | Crear | Villager (Male) |
| 12:54 | Crear | Villager (Male) |
| 13:02 | Construir | Mining Camp |
| 13:32 | Construir | Watch Tower |
| 13:50 | Construir | Farm |
| 13:53 | Crear | Villager (Male) |
| 13:54 | Crear | Villager (Male) |
| 13:54 | Crear | Villager (Male) |
| 14:01 | Construir | Lumber Camp |
| 14:22 | Construir | Farm |
| 14:23 | Crear | Villager (Male) |
| 14:24 | Crear | Villager (Male) |
| 14:47 | Construir | Stone Wall |
| 14:55 | Construir | Farm |
| 14:57 | Crear | Villager (Male) |
| 14:57 | Crear | Villager (Male) |
| 15:10 | Construir | Mining Camp |
| 15:35 | Construir | Watch Tower |
| 15:44 | Crear | Villager (Male) |
| 15:44 | Crear | Villager (Male) |
| 15:53 | Construir | Stone Wall |
| 16:01 | Crear | Villager (Male) |
| 16:02 | Crear | Villager (Male) |
| 16:16 | Construir | Stone Wall |
| 16:39 | Construir | Mining Camp |
| 16:54 | Crear | Villager (Male) |
| 16:54 | Crear | Villager (Male) |
| 16:55 | Crear | Villager (Male) |
| 17:03 | Construir | Market |
| 17:15 | Construir | Stone Wall |
| 17:35 | Construir | Farm |
| 17:40 | Crear | Villager (Male) |
| 17:40 | Crear | Villager (Male) |
| 18:06 | Construir | Building 487 |
| 18:06 | Construir | Farm |
| 18:06 | Crear | Villager (Male) |
| 18:06 | Construir | House |
| 18:15 | Construir | Farm |
| 18:21 | Construir | Farm |
| 18:27 | Construir | Farm |
| 18:34 | Construir | Farm |
| 18:37 | Crear | Villager (Male) |
| 18:43 | Construir | Farm |
| 18:48 | Crear | Villager (Male) |
| 18:57 | Construir | House |
| 19:02 | Construir | House |
| 19:06 | Construir | Farm |
| 19:13 | Construir | Farm |
| 19:15 | Crear | Villager (Male) |
| 19:16 | Crear | Villager (Male) |
| 19:28 | Construir | Mill |
| 19:46 | Construir | Farm |
| 19:46 | Crear | Villager (Male) |
| 19:46 | Construir | Barracks |
| 20:03 | Construir | House |
| 20:04 | Construir | Farm |
| 20:44 | Construir | Farm |
| 20:49 | Investigar | Horse Collar |
| 21:43 | Construir | Archery Range |
| 21:44 | Construir | Lumber Camp |
| 21:44 | Construir | Mining Camp |
| 21:44 | Construir | Watch Tower |
| 21:44 | Construir | Farm |
| 21:44 | Crear | Villager (Male) |
| 21:44 | Crear | Villager (Male) |
| 21:44 | Crear | Villager (Male) |
| 22:17 | Construir | Farm |
| 23:16 | Construir | Farm |
| 23:16 | Crear | Villager (Male) |
| 23:16 | Construir | Farm |
| 23:31 | Construir | Watch Tower |
| 23:51 | Investigar | Castle Age |
| 23:54 | Investigar | Castle Age |
| 23:54 | Investigar | Castle Age |
| 23:54 | Construir | Archery Range |
| 23:54 | Construir | House |
| 24:04 | Construir | Farm |
| 24:08 | Investigar | Double-Bit Axe |
| 24:08 | Investigar | Double-Bit Axe |
| 24:16 | Crear | Trade Cart |
| 24:16 | Crear | Trade Cart |
| 24:53 | Construir | Archery Range |
| 24:55 | Crear | Villager (Male) |
| 24:56 | Crear | Villager (Male) |
| 24:56 | Crear | Villager (Male) |
| 24:56 | Crear | Villager (Male) |
| 24:57 | Crear | Villager (Male) |
| 24:57 | Crear | Villager (Male) |
| 24:57 | Crear | Villager (Male) |
| 25:22 | Construir | Archery Range |
| 25:35 | Crear | Villager (Male) |
| 25:35 | Crear | Villager (Male) |
| 25:35 | Crear | Villager (Male) |
| 25:35 | Crear | Villager (Male) |
| 26:00 | Construir | Lumber Camp |
| 26:05 | Crear | Villager (Male) |
| 26:06 | Crear | Villager (Male) |
| 26:06 | Crear | Villager (Male) |
Cronología de la partida
| 0:52 | slonck · wall_segment Palisade Wall x16 |
| 3:22 | 大腿火热 · wall_segment Palisade Wall x1 |
| 3:28 | 大腿火热 · wall_segment Palisade Wall x18 |
| 4:14 | slonck · wall_segment Palisade Wall x15 |
| 4:25 | Mr.金大班 · wall_segment Palisade Wall x15 |
| 8:04 | 大腿火热 · wall_segment Palisade Wall x1 |
| 9:01 | 海盗遇到山贼 · first_building Barracks |
| 10:21 | Mr.金大班 · first_building Barracks |
| 10:32 | 宫廷玉液酒 · age_up feudal |
| 10:36 | AlirezaBarani72 · wall_segment Palisade Wall x1 |
| 11:21 | 宫廷玉液酒 · first_market_sell 100 wood |
| 11:40 | Pumpi · age_up feudal |
| 11:47 | 海盗遇到山贼 · age_up feudal |
| 11:49 | 东 · age_up feudal |
| 11:52 | 大腿火热 · first_building Barracks |
| 12:04 | Mr.金大班 · age_up feudal |
| 12:19 | 海盗遇到山贼 · wall_segment Stone Wall x8 |
| 12:41 | 大腿火热 · age_up feudal |
| 14:02 | 海盗遇到山贼 · wall_segment Stone Wall x1 |
| 14:02 | 宫廷玉液酒 · age_up castle |
| 14:03 | 大腿火热 · first_building Archery Range |
| 14:15 | Mr.金大班 · first_building Archery Range |
| 14:27 | slonck · wall_segment Palisade Wall x2 |
| 14:47 | AlirezaBarani72 · wall_segment Stone Wall x17 |
| 14:56 | 海盗遇到山贼 · first_building Archery Range |
| 15:23 | slonck · first_building Barracks |
| 15:53 | AlirezaBarani72 · wall_segment Stone Wall x25 |
| 16:05 | Pumpi · age_up castle |
| 16:16 | AlirezaBarani72 · wall_segment Stone Wall x5 |
| 16:27 | Pumpi · first_market_buy 100 stone |
| 16:37 | Pumpi · wall_segment Stone Wall x1 |
| 16:49 | Pumpi · wall_segment Stone Wall x7 |
| 17:00 | slonck · age_up feudal |
| 17:15 | AlirezaBarani72 · wall_segment Stone Wall x18 |
| 17:37 | Pumpi · wall_segment Stone Wall x7 |
| 17:51 | 东 · first_building Barracks |
| 18:46 | 东 · first_building Archery Range |
| 19:35 | slonck · first_market_buy 100 food |
| 19:46 | AlirezaBarani72 · first_building Barracks |
| 19:48 | slonck · first_building Stable |
| 20:19 | 大腿火热 · first_market_buy 100 food |
| 20:46 | Mr.金大班 · first_market_buy 100 food |
| 21:21 | 海盗遇到山贼 · first_building Stable |
| 21:22 | 宫廷玉液酒 · first_building Monastery |
| 21:43 | AlirezaBarani72 · first_building Archery Range |
| 21:59 | slonck · tribute_sent a jugador 1 |
| 21:59 | slonck · tribute_sent a jugador 2 |
| 21:59 | slonck · tribute_sent a jugador 3 |
| 21:59 | slonck · tribute_sent a jugador 4 |
| 21:59 | slonck · tribute_sent a jugador 5 |
| 21:59 | slonck · tribute_sent a jugador 7 |
| 21:59 | slonck · tribute_sent a jugador 8 |
| 22:18 | slonck · age_up castle |
| 23:03 | 大腿火热 · age_up castle |
| 23:07 | 大腿火热 · first_building Castle |
| 23:11 | 大腿火热 · first_building Siege Workshop |
| 23:14 | 东 · age_up castle |
| 23:20 | 宫廷玉液酒 · first_building Barracks |
| 23:36 | Mr.金大班 · age_up castle |
| 23:38 | Mr.金大班 · first_building Siege Workshop |
| 23:47 | 东 · first_building Monastery |
| 23:49 | Pumpi · first_building Monastery |
| 24:37 | slonck · wall_segment Stone Wall x13 |
| 25:41 | 海盗遇到山贼 · wall_segment Stone Wall x9 |
| 26:08 | 东 · first_building Castle |
| 26:55 | AlirezaBarani72 · first_building Castle |
| 27:48 | Pumpi · wall_segment Stone Wall x5 |
| 28:01 | 宫廷玉液酒 · first_building Archery Range |
| 28:08 | 东 · first_market_buy 100 stone |
| 28:15 | 宫廷玉液酒 · first_building Siege Workshop |
| 29:01 | 宫廷玉液酒 · age_up imperial |
| 29:44 | slonck · first_building Archery Range |
| 29:49 | Pumpi · first_building Castle |
| 30:04 | Pumpi · age_up imperial |
| 30:13 | AlirezaBarani72 · resign |
| 30:20 | Pumpi · first_building Siege Workshop |
| 30:26 | 宫廷玉液酒 · first_building Castle |
| 31:20 | Mr.金大班 · first_building Monastery |
| 31:31 | 大腿火热 · first_building Monastery |
| 32:54 | 东 · wall_segment Stone Wall x16 |
[ ANÁLISIS IA · 1 CRÉDITO ]
¿Qué pasó realmente en esta partida?
Wolo.gg analiza cada decisión: build order, eco, micro, errores típicos por bracket. Análisis personalizado por WhatsApp o Discord en 30 segundos.
Guía civ
Italianos
Perfil
Jugador #6791073